 Dungeon Crawl Stone Soup version 0.17-a0-112-ge7edae9 (console) character file.

415 MrRokkomies the Jinx (level 6, -9/41 HPs)
             Began as a Vampire Enchanter on Mar 19, 2015.
             Killed by divine providence
             ... invoked by an orc priest
              (16 damage)
             ... on level 4 of the Dungeon.
             The game lasted 00:09:38 (3745 turns).

MrRokkomies the Jinx (Vampire Enchanter)            Turns: 3745, Time: 00:09:39

Health: -9/41      AC:  4    Str:  7    XL:     6   Next: 60%
Magic:  10/10      EV: 18    Int: 19    God:
Gold:   148        SH:  0    Dex: 19    Spells: 4 memorised, 1 level left

rFire  . . .     SeeInvis +     a - +1 dagger (venom)
rCold  + . .     Clarity  .     b - +2 robe
rNeg   + + .     SustAb   .     (no shield)
rPois  +         Gourm    .     (no helmet)
rElec  .         Spirit   .     (no cloak)
rCorr  .         Warding  .     (no gloves)
rMut   +         Stasis   .     (no boots)
MR     .....                    g - amulet of resist mutation
Stlth  ++++......               (no ring)
                                (no ring)

@: agile, about to teleport, very slightly contaminated, regenerating slowly,
not resistant to hostile enchantments, stealthy
A: bottle blood, fangs 3, see invisible, unbreathing
a: Bat Form


You were on level 4 of the Dungeon.
You were thirsty.

You visited 1 branch of the dungeon, and saw 4 of its levels.

You collected 148 gold pieces.

Inventory:

Hand weapons
 a - a +1 dagger of venom (weapon)
Missiles
 k - 15 poisoned needles
 m - 5 tomahawks (quivered)
Armour
 b - a +2 robe (worn)
Jewellery
 g - an amulet of resist mutation (around neck)
Scrolls
 f - a scroll of enchant weapon
 i - 3 scrolls of remove curse
 l - a scroll of enchant armour
Potions
 d - a potion of cure mutation
Books
 c - a book of Maledictions

   Spells                             Type                      Level
   a - Corona                         Hexes                        1
   b - Sure Blade                     Hexes/Charms                 2
   c - Ensorcelled Hibernation        Hexes/Ice                    2
   d - Confuse                        Hexes                        3
   e - Dazzling Spray                 Conjuration/Hexes            3
   f - Enslavement                    Hexes                        4
 n - a book of Spatial Translocations

   Spells                             Type                      Level
   a - Apportation                    Translocation                1
   b - Blink                          Translocation                2
   c - Shroud of Golubria             Charms/Translocation         2
   d - Portal Projectile              Translocation                3
   e - Teleport Other                 Translocation                3
   f - Passage of Golubria            Translocation                4


   Skills:
 * Level 5.3 Short Blades
 - Level 2.1 Dodging
 - Level 4.4 Stealth
 - Level 2.0 Spellcasting
 * Level 8.2 Hexes


You had one spell level left.
You knew the following spells:

 Your Spells              Type           Power        Failure   Level  Hunger
a - Corona                Hex            ####...      1%          1    #......
b - Ensorcelled Hibernat  Hex/Ice        ###...       6%          2    ###....
c - Confuse               Hex            ####....     1%          3    ###....
d - Blink                 Tloc           N/A          24%         2    ###....


Dungeon Overview and Level Annotations

Branches:
Dungeon (4/15)
 Temple: D:4-7

Altars:


Innate Abilities, Weirdness & Mutations

You heal slowly.
You can bottle blood from corpses.
You have razor-sharp teeth.
You have supernaturally acute eyesight.
You can survive without breathing.


Message History

Unknown command.
You hit the orc priest. Your bite misses the orc priest.
The orc priest is lightly wounded.
The orc priest barely misses you.
You barely miss the orc priest.
The orc priest is lightly wounded.
The orc hits you but does no damage. The orc barely misses you.
The orc priest calls upon Beogh to heal the orc priest.
The orc priest's wounds heal themselves!
Read which item? (? for menu, Esc to quit)
Blink to where?
Press: ? - help, Dir - move target cursor You are very lightly contaminated with residual magic.
As you read the scroll of blinking, it crumbles to dust.
Read which item? (? for menu, Esc to quit)
As you read the scroll of teleportation, it crumbles to dust.
You feel strangely unstable.
The orc priest calls down the wrath of Beogh upon you.
Something smites you!
You die...

......#####
#####.....# #
#####.# # #.#
# #.# #.# #.#
#####
#.#######...#
#.......@...#
#########...#
##)## #o#
#..o.o...#
#..o.....#.#
#..##.###..
#.< #.. ## #.
###


You could see an orc priest and an orc.

Vanquished Creatures
  Grinder (D:3)
  An orc priest (D:3)
  An orc wizard (D:3)
  4 gnolls (D:2)
  3 adders (D:3)
  A giant mite (D:3)
  A worm (D:3)
  3 giant geckos
  11 orcs (D:3)
  7 bats (D:1)
  A giant cockroach (D:2)
  13 hobgoblins
  A giant newt (D:1)
  9 goblins
  13 kobolds
  4 rats
74 creatures vanquished.

Notes
Turn   | Place    | Note
--------------------------------------------------------------
     0 | D:1      | MrRokkomies, the Vampire Enchanter, began the quest for the Orb.
     0 | D:1      | Reached XP level 1. HP: 13/13 MP: 3/3
   222 | D:1      | Reached XP level 2. HP: 19/19 MP: 4/4
   226 | D:1      | Learned a level 2 spell: Ensorcelled Hibernation
   490 | D:1      | Reached skill level 5 in Hexes
   817 | D:1      | Reached XP level 3. HP: 12/24 MP: 6/6
  1818 | D:2      | Reached skill level 6 in Hexes
  1818 | D:2      | Reached XP level 4. HP: 3/30 MP: 1/7
  2156 | D:2      | Learned a level 3 spell: Confuse
  2555 | D:3      | Reached XP level 5. HP: 22/35 MP: 1/9
  2875 | D:3      | Noticed Grinder
  2888 | D:3      | Killed Grinder
  2888 | D:3      | Reached skill level 5 in Short Blades
  2888 | D:3      | Reached skill level 8 in Hexes
  2888 | D:3      | Reached XP level 6. HP: 19/41 MP: 7/10
  3698 | D:4      | Learned a level 2 spell: Blink
  3745 | D:4      | Killed from afar by an orc priest

Action                   |  1- 3 |  4- 6 || total
-------------------------+-------+-------++-------
Melee: Dagger            |   109 |    95 ||   204
Throw: Stone             |       |     7 ||     7
 Cast: Ensorcelled Hiber |     5 |     9 ||    14
       Confuse           |       |     1 ||     1
  Use: Scroll            |     5 |     4 ||     9
       Potion            |       |     1 ||     1
 Stab: Sleeping          |    10 |     8 ||    18
       Confused          |       |     1 ||     1
  Eat: Corpse            |     1 |     4 ||     5
